 Dungeon Crawl Stone Soup version 0.21.1-1-g345015f (webtiles) character file.

144 Supahsalami the Firebug (level 5, -3/38 HPs)
             Began as a Draconian Fire Elementalist on Mar 25, 2018.
             Killed by divine providence
             ... invoked by an orc priest
              (11 damage)
             ... on level 2 of the Dungeon.
             The game lasted 00:18:52 (1590 turns).

Supahsalami the Firebug (DrFE)                      Turns: 1590, Time: 00:18:53

Health: -3/38      AC:  5    Str: 10    XL:     5   Next: 5%
Magic:  4/9        EV: 12    Int: 16    God:
Gold:   111        SH:  0    Dex: 12    Spells: 7/10 levels left

rFire    . . .     SeeInvis .   k - +3 dagger (venom)
rCold    . . .     Gourm    .   (no shield)
rNeg     + . .     Faith    .   (armour unavailable)
rPois    .         Spirit   .   (helmet restricted)
rElec    .         Reflect  .   (no cloak)
rCorr    .         Harm     .   (no gloves)
MR       .....                  (no boots)
Stlth    ++........             (no amulet)
HPRegen  0.12/turn              e - ring of positive energy
MPRegen  0.11/turn              (no ring)

@: very slightly contaminated
A: unfitting armour, cold-blooded, AC +5
a: no special abilities


You were on level 2 of the Dungeon.
You were not hungry.

You visited 1 branch of the dungeon, and saw 3 of its levels.

You collected 111 gold pieces.

Inventory:

Hand Weapons
 k - a +3 dagger of venom (weapon)
Armour
 m - a +0 robe
Jewellery
 e - a ring of positive energy (left hand)
Scrolls
 c - 3 scrolls of identify
 h - a scroll of enchant weapon
 n - a scroll of enchant armour {unknown}
 o - a scroll of teleportation {unknown}
Potions
 d - 2 potions of curing
 f - a potion of ambrosia {unknown}
 g - a potion of agility
 i - a potion of brilliance {unknown}
 p - a potion of mutation {unknown}
Books
 a - a book of Flames

   Spells                             Type                      Level
   a - Flame Tongue                   Conjuration/Fire             1
   b - Throw Flame                    Conjuration/Fire             2
   c - Conjure Flame                  Conjuration/Fire             3
   d - Inner Flame                    Hexes/Fire                   3
   e - Sticky Flame                   Conjuration/Fire             4
   f - Fireball                       Conjuration/Fire             5
 l - a book of Minor Magic

   Spells                             Type                      Level
   a - Magic Dart                     Conjuration                  1
   b - Blink                          Translocation                2
   c - Call Imp                       Summoning                    2
   d - Slow                           Hexes                        2
   e - Conjure Flame                  Conjuration/Fire             3
   f - Mephitic Cloud                 Conjuration/Poison/Air       3
Comestibles
 b - 5 rations
 j - 3 chunks of flesh


   Skills:
 + Level 0.4 Short Blades
 + Level 2.3 Dodging
 + Level 2.0 Stealth
 + Level 3.0 Spellcasting
 + Level 2.0 Conjurations
 + Level 4.2 Fire Magic


You had 7 spell levels left.
You knew the following spells:

 Your Spells              Type           Power        Failure   Level  Hunger
a - Flame Tongue          Conj/Fire      ##...        4%          1    #......
b - Throw Flame           Conj/Fire      ##....       8%          2    ##.....


Dungeon Overview and Level Annotations

Branches:
Dungeon (3/15)

Altars:
Cheibriados


Innate Abilities, Weirdness & Mutations

Your plain brown scales are hard. (AC +5)
You cannot fit into any form of body armour.
You are cold-blooded and may be slowed by cold attacks.


Message History

You hit the orc.
The orc is moderately wounded.
The orc hits you but does no damage.
You hit the orc.
The orc is almost dead.
The orc closely misses you. The orc priest hits you with a mace.
You climb upwards.
There is a stone staircase leading down here.
You hit the orc but do no damage.
The orc is poisoned.
The orc is severely wounded.
You kill the orc!
The orc priest calls down the wrath of Beogh upon you.
Beogh smites you!
* * * LOW HITPOINT WARNING * * *
The orc priest mumbles some strange prayers to Beogh against you.
You barely resist.
The orc priest mumbles some strange prayers to Beogh against you.
Beogh smites you!
You die...

#.#.#..# ###...
#######.#.##.#######...##
#....>...............###
#..).%.......#########
#............###
########.#.....#
#.##....#########
#.###...........## #@#
##...#####.... #.#
##.........##
#####.#####..######.##
#....o....#..### #..#
#.>.......#....# ##..
#....>.......#.# ###
#.....)...##)#.#####..
############.........#
####.##...#


You could see an orc priest.

Vanquished Creatures
  An orc priest (D:2)
  Jessica (D:2)
  4 adders
  A dart slug (D:2)
  A leopard gecko (D:2)
  5 orcs
  A ball python (D:1)
  5 bats
  6 goblins
  4 hobgoblins
  2 jackals (D:1)
  7 kobolds
  2 frilled lizards
  3 rats
43 creatures vanquished.

Notes
Turn   | Place    | Note
-------+----------+-------------------------------------------
     0 | D:1      | Supahsalami the Draconian Fire Elementalist began the quest for the Orb.
     0 | D:1      | Reached XP level 1. HP: 14/14 MP: 3/3
   273 | D:2      | Noticed Jessica
   515 | D:1      | Reached XP level 2. HP: 17/20 MP: 0/5
  1025 | D:2      | Reached XP level 3. HP: 26/26 MP: 3/6
  1048 | D:2      | Reached skill level 4 in Fire Magic
  1076 | D:2      | Reached XP level 4. HP: 27/33 MP: 1/7
  1162 | D:2      | Learned a level 1 spell: Flame Tongue
  1165 | D:2      | Learned a level 2 spell: Throw Flame
  1233 | D:3      | Found a snail-covered altar of Cheibriados.
  1496 | D:2      | Killed Jessica
  1535 | D:3      | Reached XP level 5. HP: 38/38 MP: 0/9
  1590 | D:2      | Killed from afar by an orc priest

Skill      XL: |  1  2  3  4 |
---------------+-------------+-----
Dodging        | 2 |  2.3
Fire Magic     | 4 |  4.2
Stealth        | 2 |  2.0
Conjurations   | 2 |  2.0
Spellcasting   | 3 |  3.0
Short Blades   | |  0.4

Action                   |  1- 3 |  4- 6 || total
-------------------------+-------+-------++-------
Melee: Dagger            |    12 |    26 ||    38
       Tailslap          |     1 |       ||     1
 Cast: Flame Tongue      |    47 |     4 ||    51
       Throw Flame       |       |    14 ||    14
  Use: Scroll            |     1 |     2 ||     3
 Stab: Sleeping          |       |     1 ||     1
  Eat: Chunk             |     1 |     3 ||     4
Armor: Skin              |     9 |    15 ||    24
Dodge: Dodged            |    24 |    27 ||    51
